 Dungeon Crawl Stone Soup version 0.26-a0-752-gcff87cac9a (webtiles) character file.

Game seed: 2762837190195478723

99 willcat the Shield-Bearer (level 4, -3/41 HPs)
             Began as a Gnoll Fighter on Nov 7, 2020.
             Killed from afar by a lich (29 damage)
             ... with a lance of force
             ... on level 1 of the Abyss.
             The game lasted 00:03:23 (2380 turns).

willcat the Shield-Bearer (Gnoll Fighter)           Turns: 2380, Time: 00:03:24

Health: -3/41      AC:  7    Str: 15    XL:     4   Next: 72%
Magic:  5/5        EV:  8    Int: 11    God:
Gold:   263        SH: 10    Dex: 14    Spells: 5/5 levels left

rFire    . . .     SeeInvis .   s - +4 war axe
rCold    . . .     Faith    .   c - +0 kite shield
rNeg     . . .     Spirit   .   b - +0 scale mail
rPois    .         Reflect  .   (no helmet)
rElec    .         Harm     .   (no cloak)
rCorr    .         Rampage  .   (no gloves)
MR       .....                  (no boots)
Stlth    ..........             o - amulet of regeneration
HPRegen  0.53/turn              (no ring)
MPRegen  0.09/turn              (no ring)

@: no status effects
A: distributed training, fangs 1, [screaming 2], [weak 2], strong nose
a: no special abilities


You were on level 1 of the Abyss.
You visited 1 branch of the dungeon, and saw 3 of its levels.
You visited the Abyss 1 time.

You collected 263 gold pieces.

Inventory:

Hand Weapons
 a - a +0 war axe
 s - a +4 war axe (weapon)
Armour
 b - a +0 scale mail (worn)
 c - a +0 kite shield (worn)
Jewellery
 o - an amulet of regeneration (around neck)
Wands
 v - a wand of paralysis (5)
Scrolls
 f - a scroll of remove curse
 g - 4 scrolls of identify
 q - a scroll of amnesia {unknown}
 r - a scroll of random uselessness {unknown}
 t - 3 scrolls of immolation {unknown}
Potions
 d - 2 potions of might
 e - 4 potions of attraction {unknown}
 i - 2 potions of flight {unknown}
 j - a potion of mutation {unknown}
 k - a potion of resistance {unknown}
 m - a potion of haste {unknown}
 p - a potion of heal wounds {unknown}
 u - a potion of curing {unknown}


   Skills:
 + Level 6.6 Fighting
 + Level 1.2 Short Blades
 + Level 1.2 Long Blades
 + Level 4.7 Axes
 + Level 1.2 Maces & Flails
 + Level 1.2 Polearms
 + Level 1.2 Staves
 + Level 1.2 Slings
 + Level 1.2 Bows
 + Level 1.2 Crossbows
 + Level 1.2 Throwing
 + Level 6.6 Armour
 + Level 1.2 Dodging
 + Level 1.2 Stealth
 + Level 6.6 Shields
 + Level 1.2 Unarmed Combat
 + Level 1.2 Spellcasting
 + Level 1.0 Conjurations
 + Level 1.0 Hexes
 + Level 1.0 Summonings
 + Level 1.0 Necromancy
 + Level 1.0 Translocations
 + Level 1.0 Transmutations
 + Level 1.0 Fire Magic
 + Level 1.0 Ice Magic
 + Level 1.0 Air Magic
 + Level 1.0 Earth Magic
 + Level 1.0 Poison Magic
 + Level 1.3 Invocations
 + Level 1.2 Evocations


You had 5 spell levels left.
You didn't know any spells.
Your spell library was empty.

Dungeon Overview and Level Annotations

Branches:
Dungeon (3/15)

Altars:


Innate Abilities, Weirdness & Mutations

Your experience applies equally to all skills.
You have very sharp teeth.
Your uncanny sense of smell can sniff out nearby items.
[You sometimes yell uncontrollably at your foes.]
[You are very weak. (Str -4)]


Message History

Found a plate armour.
The wretched star glows turbulently.
The lance of force misses you.
The wretched star glows turbulently.
The lance of force hits you!
You are knocked back by the lance of force.
You slam into the metal wall!
* * * LOW HITPOINT WARNING * * *
Unknown command.
You are suddenly pulled into a different region of the Abyss!
A starcursed mass comes into view.
Found 6 atropa-tipped darts.
Found a gateway leading deeper into the Abyss.
A lich comes into view.
You howl at the lich!
The lich shouts!
The lich points at you and mumbles some strange words.
The lance of force hits you!!
Ouch! That really hurt!
You die...

..#..#..... # ... . #
..#.#.....#..# #.# #.
### #..##.#...#.##.# #..
##.#...#...##.#..##..#.
.##..(......#..........#
.#. ##.#......##..#...
.......###..##.#.#.L #
...#.#.....##.#.#.#..###
####...#.# .#...@.......
# .#...##.#.#........#
.#.... .#....#...#.#
#...# #....##...... #
####.. .#.## ..# .. #
#.. .# .# ..


You could see a lich.

Vanquished Creatures
  3 adders
  A worm (D:2)
  An orc (D:3)
  8 giant cockroaches
  11 goblins
  9 hobgoblins
  2 jackals (D:2)
  3 ball pythons
  8 bats
  7 frilled lizards
  7 kobolds
  8 rats
68 creatures vanquished.

Vanquished Creatures (others)
  5 plants (D:1)
5 creatures vanquished.

Grand Total: 73 creatures vanquished

Notes
Turn   | Place    | Note
-------+----------+-------------------------------------------
     0 | D:1      | willcat the Gnoll Fighter began the quest for the Orb.
     0 | D:1      | Reached XP level 1. HP: 23/23 MP: 1/1
   217 | D:1      | Reached XP level 2. HP: 24/29 MP: 2/2
   559 | D:1      | Reached XP level 3. HP: 24/35 MP: 3/3
   997 | D:1      | Reached skill level 1 in Invocations
  1265 | D:2      | Reached skill level 1 in Short Blades
  1265 | D:2      | Reached skill level 1 in Long Blades
  1265 | D:2      | Reached skill level 1 in Maces & Flails
  1265 | D:2      | Reached skill level 1 in Polearms
  1265 | D:2      | Reached skill level 1 in Staves
  1265 | D:2      | Reached skill level 1 in Slings
  1265 | D:2      | Reached skill level 1 in Bows
  1265 | D:2      | Reached skill level 1 in Crossbows
  1265 | D:2      | Reached skill level 1 in Throwing
  1265 | D:2      | Reached skill level 1 in Dodging
  1265 | D:2      | Reached skill level 1 in Stealth
  1265 | D:2      | Reached skill level 1 in Unarmed Combat
  1265 | D:2      | Reached skill level 1 in Spellcasting
  1265 | D:2      | Reached skill level 1 in Evocations
  1501 | D:2      | Reached XP level 4. HP: 39/41 MP: 5/5
  2089 | D:3      | Reached skill level 1 in Conjurations
  2089 | D:3      | Reached skill level 1 in Hexes
  2089 | D:3      | Reached skill level 1 in Summonings
  2089 | D:3      | Reached skill level 1 in Necromancy
  2089 | D:3      | Reached skill level 1 in Translocations
  2089 | D:3      | Reached skill level 1 in Transmutations
  2089 | D:3      | Reached skill level 1 in Fire Magic
  2089 | D:3      | Reached skill level 1 in Ice Magic
  2089 | D:3      | Reached skill level 1 in Air Magic
  2089 | D:3      | Reached skill level 1 in Earth Magic
  2089 | D:3      | Reached skill level 1 in Poison Magic
  2160 | D:3      | Cast into level 1 of the Abyss (gnoll)
  2190 | Abyss:1  | Noticed an ophan
  2193 | Abyss:1  | Noticed a spatial vortex
  2196 | Abyss:1  | Noticed a spatial vortex
  2196 | Abyss:1  | Noticed a spatial maelstrom
  2203 | Abyss:1  | Noticed a spatial vortex
  2204 | Abyss:1  | Noticed a spatial vortex
  2218 | Abyss:1  | Noticed a large abomination
  2331 | Abyss:1  | Noticed a wretched star
  2337 | Abyss:1  | Noticed a hellwing
  2348 | Abyss:1  | Noticed a small abomination
  2357 | Abyss:1  | Noticed a starcursed mass
  2380 | Abyss:1  | Noticed a lich
  2380 | Abyss:1  | Killed from afar by a lich

Illustrated notes

Levels and vault maps discovered:
D:1:      scummos_arrival_forest, layout_loops_corners, chequers_big_river,
          minmay_hexomino_c4
D:2:      layout_loops_ring, minmay_misc_feat_chi,
          minmay_fractal_squares_gapless_5
D:3:      layout_rooms, minmay_misc_feat_pillars, uniq_natasha,
          uniq_crazy_yiuf_cottage
Abyss:1:  base: D:2, evilmike_abyss_exit_16

Skill      XL: |  1  2  3  4 |
---------------+-------------+-----
Invocations    | 1 |  1.3
Short Blades   | 1 |  1.2
Long Blades    | 1 |  1.2
Maces & Flails | 1 |  1.2
Polearms       | 1 |  1.2
Staves         | 1 |  1.2
Slings         | 1 |  1.2
Bows           | 1 |  1.2
Crossbows      | 1 |  1.2
Throwing       | 1 |  1.2
Dodging        | 1 |  1.2
Stealth        | 1 |  1.2
Unarmed Combat | 1 |  1.2
Spellcasting   | 1 |  1.2
Evocations     | 1 |  1.2
Conjurations   | 1 |  1.0
Hexes          | 1 |  1.0
Summonings     | 1 |  1.0
Necromancy     | 1 |  1.0
Translocations | 1 |  1.0
Transmutations | 1 |  1.0
Fire Magic     | 1 |  1.0
Ice Magic      | 1 |  1.0
Air Magic      | 1 |  1.0
Earth Magic    | 1 |  1.0
Poison Magic   | 1 |  1.0
Fighting       | |  6.6
Axes           | |  4.7
Armour         | |  6.6
Shields        | |  6.6

Action                   |  1- 3 |  4- 6 || total
-------------------------+-------+-------++-------
Melee: War axe           |   108 |    49 ||   157
       Bite              |     4 |     7 ||    11
  Use: Scroll            |       |     4 ||     4
Armor: Scale mail        |    53 |    11 ||    64
Dodge: Dodged            |    48 |    13 ||    61
Block: Kite shield       |    59 |    35 ||    94

Table legend: (Time is in decaauts)
 A = Elapsed time spent in this place.
 B = Non-inter-level travel time spent in this place.
 C = Inter-level travel time spent in this place.
 D = Time resting spent in this place.
 E = Time spent auto-exploring this place.
 F = Levels seen in this place.
 G = Mean time per level.
                   A        B        C        D        E       F      G
               +--------+--------+--------+--------+--------+-----+--------+
         Total |   2445 |   2388 |     57 |    199 |   1573 |   4 |  611.2 |
       Dungeon |   2225 |   2168 |     57 |    199 |   1573 |   3 |  741.7 |
         Abyss |    219 |    219 |      0 |      0 |      0 |   1 |  219.0 |
               +--------+--------+--------+--------+--------+-----+--------+

Top non-repeatable levels by time:
     D:1: 1165 daAuts
     D:2: 975 daAuts
 Abyss:1: 219 daAuts
     D:3: 84 daAuts
